Map: Floodplain

Players

andyacz

  • Race: Protoss Protoss
  • Spawn Location: 11:00

IA (Muy fácil) - Winner!

  • Race: Zerg Zerg
  • Spawn Location: 7:00

VOD

Have the link to the VOD?

Description

Time

  • Played on: Dec. 19, 2024, 2:56 a.m.
  • Length: 7:24
Show
View Real Time Build Order
Export as new Build Order

andyacz Protoss 

Build Orders: Nexus First, Carriers 

Get SALT Encoding   

  6  0:01  Probe  
  13  0:13  Probe  
  14  0:18  Pylon  
  14  0:25  Probe  
  15  0:37  Probe  
  16  0:49  Probe  
  17  0:58  Nexus  
  17  1:10  Gateway, Probe  
  17  1:17  Assimilator  
  18  1:22  Assimilator, Probe  
  19  1:34  Probe  
  19  1:37  Forge  
  20  1:46  Probe  
  21  1:59  Cybernetics Core  
  21  2:01  Probe  
  22  2:13  Probe x2  
  24  2:15  Photon Cannon  
  24  2:22  Pylon  
  24  2:25  Probe  
  24  2:26  Probe  
  26  2:34  Probe x2  
  26  2:36  Warp Gate  
  26  2:42  Probe  
  26  2:43  Stalker, Probe  
  32  2:51  Probe  
  32  2:52  Probe  
  34  3:01  Photon Cannon  
  34  3:03  Probe  
  34  3:04  Probe  
  36  3:11  Pylon  
  36  3:14  Stalker  
  36  3:15  Probe  
  36  3:19  Probe  
  40  3:27  Probe x2  
  42  3:35  Probe  
  42  3:39  Nexus  
  42  3:40  Probe  
  43  3:47  Probe  
  45  3:49  Stargate  
  45  3:52  Probe  
  46  3:55  Assimilator  
  46  3:56  Assimilator  
  46  3:59  Probe  
  47  4:03  Photon Cannon  
  47  4:04  Probe  
  48  4:11  Probe  
  48  4:16  Probe  
  50  4:21  Pylon  
  50  4:23  Probe  
  51  4:24  Pylon  
  51  4:28  Probe  
  51  4:29  Stargate  
  52  4:33  Fleet Beacon  
  52  4:36  Probe  
  53  4:41  Stargate  
  53  4:56  Assimilator  
  53  4:57  Probe x2  
  55  5:00  Assimilator  
  55  5:04  Carrier  
  55  5:06  Carrier  
  55  5:09  Probe x2  
  57  5:14  Protoss Air Weapons Level 1  
  57  5:16  Carrier  
  75  5:36  Probe x2  
  75  5:38  Probe  
  75  5:42  Pylon  
  78  5:43  Pylon  
  78  5:44  Pylon  
  78  5:48  Probe  
  78  5:49  Probe  
  80  5:50  Probe  
  80  5:56  Carrier  
  81  5:59  Carrier  
  81  6:00  Probe  
  81  6:01  Probe  
  81  6:03  Probe  
  90  6:11  Carrier  
  96  6:25  Probe x3  
  105  6:30  Pylon  
  105  6:33  Pylon  
  105  6:35  Pylon  
  105  6:43  Probe  
  105  6:44  Probe x2  
  120  7:18  Pylon  
  120  7:19  Pylon  
  120  7:20  Pylon  
Show
View Real Time Build Order
Export as new Build Order

IA (Muy fácil) Zerg - Winner!

Build Orders: Pool First 

Get SALT Encoding   

  6  0:01  Drone  
  13  0:12  Overlord  
  13  0:16  Drone  
  14  0:36  Spawning Pool  
  14  0:37  Extractor  
  14  0:39  Drone  
  13  0:47  Drone  
  14  0:53  Overlord  
  14  1:23  Zergling x2  
  14  1:24  Queen  
  17  1:35  Roach Warren  
  17  1:37  Extractor  
  15  1:42  Zergling x2, Drone  
  17  1:49  Drone  
  18  2:01  Zergling x2  
  18  2:03  Drone  
  20  2:14  Drone  
  21  2:25  Drone  
  22  2:32  Drone  
  22  2:35  Overlord  
  23  2:39  Drone  
  24  2:46  Drone  
  25  5:23  Zergling x2  
  25  5:55  Lair, Drone  
  26  6:02  Drone  
  26  6:03  Roach  
  29  6:10  Drone  
  29  6:11  Overlord  
  30  6:17  Drone  
  31  6:24  Drone  
  32  6:31  Drone  
  30  6:42  Zergling x2, Ravager  
  32  6:52  Overseer  
  32  6:53  Overseer  
  32  7:17  Hatchery  
Tags
 
Composition
Carriers
Matchup
PvZ
Spawn Locations
Close Positions
Add a new tag
Caveats
  • Supply blocks, unpowered buildings, or Contaminate may cause inaccurate times.
  • Supply counts are checked every 10 seconds.